 Dungeon Crawl Stone Soup version 0.28-a0-8-g6e044cfa68 (webtiles) character file.

Game seed: 17227737563874741116

35828 lewky the Severer (level 13, -1/124 HPs)
             Began as a Minotaur Berserker on July 24, 2021.
             Was a High Priest of Trog.
             Slain by a naga (3 damage)
             ... on level 4 of the Lair of Beasts.
             The game lasted 00:40:55 (19201 turns).

lewky the Severer (Minotaur Berserker)             Turns: 19201, Time: 00:40:56

Health: -1/124     AC: 24    Str: 27    XL:     13   Next: 49%
Magic:  4/4        EV:  5    Int:  4    God:    Trog [*****.]
Gold:   952        SH:  5    Dex: 10    Spells: 12/12 levels left

rFire   . . .      SeeInvis .   T - +4 executioner's axe (antimagic)
rCold   . . .      Faith    .   (shield currently unavailable)
rNeg    . . .      Spirit   .   m - +0 plate armour
rPois   .          Reflect  +   S - +1 hat {Will+}
rElec   .          Harm     .   j - +0 cloak
rCorr   .          Rampage  .   B - +2 pair of gloves
Will    ++++.                   L - +0 pair of boots
Stlth   ..........              p - amulet of reflection
HPRegen 1.30/turn               P - ring of willpower
MPRegen 0.09/turn               V - ring of flight

@: strong-willed, on berserk cooldown, flying, regenerating, slowed,
constricted, very slow
A: horns 2, retaliatory headbutt
a: Renounce Religion, Berserk, Trog's Hand, Brothers in Arms


You were on level 4 of the Lair of Beasts.
You worshipped Trog.
Trog was extremely pleased with you.
You visited 2 branches of the dungeon, and saw 15 of its levels.

You collected 952 gold pieces.

Inventory:

Hand Weapons
 b - a +2 battleaxe of freezing
 w - a +5 antimagic glaive
 C - a +4 war axe of flaming
 F - a +4 battleaxe
 T - a +4 antimagic executioner's axe (weapon)
Missiles
 E - 5 curare-tipped darts (quivered)
 U - 3 atropa-tipped darts
Armour
 e - the +0 helmet of Fallacy {Slay+3}
   (You found it on level 9 of the Dungeon)

   Slay:      It affects your accuracy & damage with ranged weapons and melee
   (+3).
 j - a +0 cloak (worn)
 k - a +0 leather armour of cold resistance
 m - a +0 plate armour (worn)
 B - a +2 pair of gloves (worn)
 L - a +0 pair of boots (worn)
 S - a +1 hat of willpower (worn)
 W - the -5 hat of the Pink Corner {rC+}
   (You found it on level 2 of the Lair of Beasts)

   rC:        It protects you from cold.
Jewellery
 p - an amulet of reflection (around neck)
 N - an amulet of faith
 P - a ring of willpower (left hand)
 V - a ring of flight (right hand)
 X - a ring of positive energy
Wands
 u - a wand of iceblast (10)
 y - a wand of flame (21)
 K - a wand of acid (9)
 Q - a wand of digging (15)
Scrolls
 a - 2 scrolls of magic mapping {unknown}
 c - 4 scrolls of amnesia {unknown}
 g - a scroll of silence {unknown}
 n - 2 scrolls of immolation {unknown}
 o - 2 scrolls of noise {unknown}
 q - a scroll of vulnerability {unknown}
 r - 5 scrolls of enchant weapon {unknown}
 v - 4 scrolls of fear {unknown}
 x - 4 scrolls of identify
 A - a scroll of brand weapon {unknown}
 G - a scroll of enchant armour {unknown}
 H - 4 scrolls of fog {unknown}
 O - 3 scrolls of teleportation {unknown}
 Y - a scroll of acquirement {unknown}
Potions
 d - 2 potions of might
 f - 3 potions of brilliance {unknown}
 h - 3 potions of heal wounds {unknown}
 i - 2 potions of mutation {unknown}
 l - 2 potions of curing
 s - 4 potions of lignification {unknown}
 t - 4 potions of attraction
 z - 3 potions of degeneration {unknown}
 D - 2 potions of resistance {unknown}
 I - 4 potions of haste {unknown}
 J - 2 potions of ambrosia {unknown}
 M - a potion of flight {unknown}
 R - a potion of cancellation {unknown}


   Skills:
 + Level 14.0 Fighting
 * Level 18.5 Axes
 + Level 13.8 Armour
 - Level 2.1 Dodging


You had 12 spell levels left.
You didn't know any spells.
Your spell library was empty.

Dungeon Overview and Level Annotations

Branches:
Dungeon (11/15)            Temple (0/1) D:7            Lair (4/6) D:11
  Swamp (0/4) Lair:2
  Snake: Lair:2-4    Spider: Lair:2-4       Orc: D:9-12

Altars:
Ashenzari
Okawaru
Qazlal
Sif Muna
Wu Jian
Zin
The Shining One

Shops:
D:4 !*   D:7 ***(


Innate Abilities, Weirdness & Mutations

You have a pair of horns on your head.
You reflexively headbutt those who attack you in melee.


Message History

Your skin crawls.
You feel strong-willed. The naga spits poison at you.
The splash of poison misses you.
The naga hits you from afar with a +1 vorpal glaive.
* * * LOW HITPOINT WARNING * * *
x2 The naga barely misses you. x2
Things that are here:
a water moccasin corpse; a yak corpse You slice the naga!!
The naga is severely wounded.
You completely miss the fungus. You block the naga's attack.
The naga grabs you. The naga constricts you.
The naga hits you with a +1 vorpal glaive!
* * * LOW HITPOINT WARNING * * *
x3 The naga constricts you.
Okay, then.
You feel better. The naga hits you but does no damage. The naga constricts you.
Unknown command.
You feel better.
The naga hits you with a +1 vorpal glaive!
* * * LOW HITPOINT WARNING * * *
x2 The naga constricts you.
The naga spits poison at you.
The splash of poison hits you but does no damage.
You are poisoned.
* * * LOW HITPOINT WARNING * * *
The naga constricts you.
You feel better.
The naga hits you with a +1 vorpal glaive!
* * * LOW HITPOINT WARNING * * *
x2 The naga constricts you.
Unknown command.
You feel better.
The naga hits you with a +1 vorpal glaive.
* * * LOW HITPOINT WARNING * * *
x2 The naga constricts you.
The naga hits you with a +1 vorpal glaive!
* * * LOW HITPOINT WARNING * * *
x2 You die...

#...⌠...# ##.......###
##...#.#....#####.
#...##.#......#..+######
##...#...##..⌠.+.........
#....|....##...#.........
#....P......#+###........
#...#P........P##........
.....##.........@#........
..>.###.........!N......(.
#... #.....<..####........
#.## #........# #........
.. ##<......# .#.#.(###
#.#...##.# # ...##
##.#..#### #P.. #...# #...
.. ..S.


You could see a naga.

Vanquished Creatures
  Gastronok (D:8)
  3 hydras
  2 boulder beetles
  Erica (D:8)
  3 two-headed ogres
  Nergalle (Lair:1)
  A lindwurm (Lair:2)
  Pikel (D:7)
  A cyclops (D:11)
  A black mamba (Lair:1)
  Joseph (D:7)
  3 cane toads
  2 rime drakes
  An unseen horror (D:11)
  A kobold demonologist (D:8)
  14 komodo dragons
  3 trolls
  A hornet (D:11)
  7 polar bears
  13 blink frogs
  A meliai zombie (D:10)
  2 redbacks (Lair:2)
  A shadow (D:10)
  A tarantella (Lair:2)
  3 wyverns
  2 basilisks
  30 yaks
  Grum (D:8)
  3 vampire mosquitoes (D:11)
  2 nagas (Lair:4)
  12 water moccasins
  A swamp drake (D:11)
  An ice beast (D:6)
  9 orc warriors
  7 black bears
  A sky beast (D:6)
  A necrophage (D:6)
  An ogre (D:7)
  A lemure (D:7)
  24 wolves
  6 centaurs
  A phantom (D:5)
  2 kobold brigands (D:8)
  5 bullfrogs
  A scorpion (D:6)
  A water moccasin skeleton (D:7)
  13 killer bees
  An electric eel (D:9)
  13 wights
  2 howler monkeys (D:11)
  A crimson imp (D:5)
  2 centaur zombies
  3 jellies
  11 orc priests
  Crazy Yiuf (D:5)
  3 hounds
  An iguana (D:5)
  3 centaur skeletons
  Natasha (thrice) (D:3)
  8 orc wizards
  6 hell rats (Lair:3)
  A scorpion zombie (D:5)
  A hound zombie (D:5)
  Robin (D:2)
  3 gnolls (D:4)
  4 adders
  A shadow imp (D:7)
  2 white imps
  An adder skeleton (D:4)
  4 worms
  2 dart slugs
  40 orcs
  9 ball pythons
  3 bats (D:1)
  12 endoplasms
  4 giant cockroaches
  10 hobgoblins
  11 jackals
  5 kobolds
  6 quokkas
  4 frilled lizards
  17 goblins
  A goblin zombie (D:5)
  3 hobgoblin zombies (D:5)
  3 orc skeletons (D:5)
  An orc zombie (D:5)
  8 rats
409 creatures vanquished.

Vanquished Creatures (collateral kills)
  An unseen horror (D:10)
1 creature vanquished.

Vanquished Creatures (others)
  15 fungi
  12 plants
27 creatures vanquished.

Grand Total: 437 creatures vanquished

Notes
Turn   | Place    | Note
-------+----------+-------------------------------------------
     0 | D:1      | lewky the Minotaur Berserker began the quest for the Orb.
     0 | D:1      | Reached XP level 1. HP: 19/19 MP: 0/0
   493 | D:1      | Reached skill level 4 in Axes
   493 | D:1      | Reached XP level 2. HP: 27/27 MP: 1/1
   859 | D:1      | Reached XP level 3. HP: 29/33 MP: 2/2
  1011 | D:1      | Found a faded altar of an unknown god.
  1015 | D:1      | Reached ** piety under Trog
  1488 | D:2      | Reached XP level 4. HP: 41/41 MP: 3/3
  1709 | D:2      | Found a broken altar of Ashenzari.
  1713 | D:2      | Noticed Robin
  1722 | D:2      | Reached skill level 5 in Axes
  1725 | D:2      | Killed Robin
  2087 | D:3      | Reached *** piety under Trog
  2203 | D:3      | Noticed Natasha
  2208 | D:3      | Killed Natasha
  2209 | D:3      | Reached XP level 5. HP: 47/47 MP: 4/4
  2490 | D:3      | Noticed Natasha
  2498 | D:3      | Killed Natasha
  2750 | D:3      | Noticed Natasha
  2757 | D:3      | Killed Natasha
  2758 | D:3      | Reached skill level 5 in Fighting
  2758 | D:3      | Reached skill level 6 in Axes
  2876 | D:4      | Reached XP level 6. HP: 56/56 MP: 5/5
  3013 | D:4      | Found Suoff's Gadget Gallery.
  3048 | D:4      | Found a glowing silver altar of Zin.
  3111 | D:4      | Found Gynlar's Distillery.
  3216 | D:4      | Noticed an orc warrior
  3234 | D:4      | Killed an orc warrior
  3234 | D:4      | Reached **** piety under Trog
  3235 | D:4      | Reached skill level 7 in Axes
  3678 | D:5      | Entered Level 5 of the Dungeon
  3800 | D:5      | Reached skill level 5 in Armour
  3800 | D:5      | Reached XP level 7. HP: 62/62 MP: 6/6
  4094 | D:5      | Reached skill level 8 in Axes
  4358 | D:5      | Found a glowing golden altar of the Shining One.
  4367 | D:5      | Reached XP level 8. HP: 71/71 MP: 7/7
  4501 | D:5      | Noticed a troll
  4512 | D:5      | Killed a troll
  4513 | D:5      | Reached skill level 9 in Axes
  5183 | D:5      | Found a runed translucent door.
  5184 | D:5      | Noticed Crazy Yiuf
  5193 | D:5      | Killed Crazy Yiuf
  5542 | D:6      | Reached skill level 10 in Axes
  5548 | D:6      | Found an ornate altar of the Wu Jian Council.
  6306 | D:7      | Reached XP level 9. HP: 73/81 MP: 8/8
  6402 | D:7      | Found Betupitaxi's General Store.
  6405 | D:7      | Found Telokler's Assorted Antiques.
  6406 | D:7      | Found Iggoniwk's General Store.
  6406 | D:7      | Found Hady's Weapon Boutique.
  6535 | D:7      | Reached skill level 11 in Axes
  6550 | D:7      | Found a shimmering blue altar of Sif Muna.
  6555 | D:7      | Found an iron altar of Okawaru.
  6574 | D:7      | Noticed Joseph
  6583 | D:7      | Killed Joseph
  6583 | D:7      | Reached ***** piety under Trog
  6767 | D:7      | Found a staircase to the Ecumenical Temple.
  6782 | D:7      | Noticed Pikel
  6789 | D:7      | Killed Pikel
  6790 | D:7      | Reached skill level 12 in Axes
  7169 | D:8      | Noticed a kobold demonologist
  7183 | D:8      | Killed a kobold demonologist
  7184 | D:8      | Reached XP level 10. HP: 91/91 MP: 9/9
  7446 | D:8      | Noticed Grum
  7459 | D:8      | Killed Grum
  7784 | D:8      | Noticed Erica
  7796 | D:8      | Killed Erica
  7797 | D:8      | Reached skill level 10 in Fighting
  7797 | D:8      | Reached skill level 13 in Axes
  7967 | D:8      | Noticed Gastronok
  7979 | D:8      | Killed Gastronok
  7980 | D:8      | Reached skill level 14 in Axes
  7980 | D:8      | Reached skill level 10 in Armour
  8501 | D:9      | Noticed a two-headed ogre
  8504 | D:9      | Killed a two-headed ogre
  8505 | D:9      | Reached XP level 11. HP: 90/101 MP: 10/10
  8772 | D:9      | Identified the +0 helmet of Fallacy {Slay+3}
  9736 | D:10     | Entered Level 10 of the Dungeon
  9825 | D:10     | Received a gift from Trog
 10214 | D:10     | Found a stormy altar of Qazlal.
 10684 | D:11     | Reached skill level 15 in Axes
 10975 | D:11     | Noticed a two-headed ogre
 10975 | D:11     | Noticed a two-headed ogre
 10979 | D:11     | Killed a two-headed ogre
 11412 | D:11     | Killed a two-headed ogre
 11679 | D:11     | Noticed a boulder beetle
 11693 | D:11     | Killed a boulder beetle
 11817 | D:11     | Paralysed by a hornet for 2 turns
 12124 | D:11     | Reached skill level 16 in Axes
 12124 | D:11     | Reached XP level 12. HP: 112/112 MP: 11/11
 12759 | D:11     | Found a staircase to the Lair.
 13032 | Lair:1   | Entered Level 1 of the Lair of Beasts
 13038 | Lair:1   | Noticed Nergalle
 13045 | Lair:1   | Killed Nergalle
 13500 | Lair:1   | Received a gift from Trog
 14731 | Lair:2   | Reached skill level 17 in Axes
 15011 | Lair:2   | Noticed a four-headed hydra
 15015 | Lair:2   | Noticed a five-headed hydra
 15024 | Lair:2   | Killed a ten-headed hydra
 15026 | Lair:2   | Killed a nine-headed hydra
 15707 | Lair:2   | Found a staircase to the Swamp.
 16397 | Lair:2   | Found a runed translucent door.
 16408 | Lair:2   | Identified the -5 hat of the Pink Corner {rC+}
 16411 | Lair:2   | Found a runed translucent gate.
 16411 | Lair:2   | Found a runed translucent gate.
 16411 | Lair:2   | Found a runed translucent gate.
 16411 | Lair:2   | Found a runed translucent gate.
 16429 | Lair:2   | Found a runed translucent gate.
 16462 | Lair:2   | Found a runed translucent gate.
 16462 | Lair:2   | Noticed a boulder beetle
 16584 | Lair:2   | Killed a boulder beetle
 16585 | Lair:2   | Reached XP level 13. HP: 89/122 MP: 4/12
 17280 | Lair:3   | Reached skill level 18 in Axes
 19200 | Lair:4   | HP: 2/124 [naga (14)]
 19201 | Lair:4   | Slain by a naga

Illustrated notes

Levels and vault maps discovered:
D:1:      dpeg_arrival_concentric_ovals, layout_loops_ring,
          hellmonk_ecumenical_altar_dog_temple
D:2:      layout_basic, basic_altar, uniq_robin
D:3:      layout_loops_ring, grunt_ministairs_6, minmay_misc_feat_tower,
          minmay_increasing_density, uniq_natasha
D:4:      minmay_general_purpose_star, layout_cave_pools,
          mainiacjoe_overflow_boulevard, serial_shops, shop,
          grunt_ministairs_11, nicolae_shop_gadgets
D:5:      layout_loops_cross, nicolae_tso_besieged_by_evil,
          uniq_crazy_yiuf_cottage
D:6:      layout_layer_cave, mainiacjoe_overflow_alcove_1
D:7:      layout_basic, grunt_temple_overflow_open, minmay_temple_entry_hall,
          minmay_shop_grid_forest, chequers_serial_rivers_room_a, minivault_23,
          uniq_joseph, uniq_pikel
D:8:      layout_loops_corners, kennysheep_generic_room_12, uniq_gastronok,
          uniq_grum, uniq_erica
D:9:      layout_loops_ring, hive_lemuel
D:10:     layout_roguey, grunt_qazlal_clouds
D:11:     layout_roguey, erik_lair_dragon, kennysheep_generic_room_4
Lair:1:   beast_lair_carwin_large_2, layout_loops_ring, lemuel_fruit_tree,
          uniq_nergalle
Lair:2:   gammafunk_indiana_jones, layout_small_grid, palyth_hydra_swamp_entry
Lair:3:   layout_gridlike, minmay_holes, beast_lair_carwin_10
Lair:4:   layout_roguey, minmay_snake_entry_guardpost_small, grunt_megastairs_4,
          infiniplex_staircase_pool_2

Skill      XL: |  1  2  3  4  5  6  7  8  9 10 11 12 13 |
---------------+----------------------------------------+-----
Axes           | 4 5 6 7 8 10 12 14 16 17 18 | 18.5
Fighting       | 4 5 6 8 9 10 12 13 14 | 14.0
Armour         | 3 4 5 6 7 9 10 11 13 | 13.8
Dodging        | |  2.1

Action                   |  1- 3 |  4- 6 |  7- 9 | 10-12 | 13-15 || total
-------------------------+-------+-------+-------+-------+-------++-------
Melee: Hand axe          |    82 |   149 |   149 |       |       ||   380
       Headbutt          |    14 |    21 |    33 |    76 |    30 ||   174
       Battleaxe         |       |       |    57 |   293 |       ||   350
       Executioner's axe |       |       |       |   112 |   135 ||   247
Invok: Berserk           |     2 |     9 |    14 |    29 |     6 ||    60
       Brothers in Arms  |       |       |       |     1 |     1 ||     2
       Trog's Hand       |       |       |       |       |     3 ||     3
  Use: Scroll            |       |       |     1 |     1 |       ||     2
       Potion            |       |       |       |       |     5 ||     5
 Stab: Sleeping          |     1 |       |       |       |       ||     1
Armor: Animal skin       |    11 |       |       |       |       ||    11
       Ring mail         |    11 |     9 |       |       |       ||    20
       Plate armour      |       |    37 |    84 |   318 |   140 ||   579
Dodge: Dodged            |    58 |    66 |    64 |   128 |    70 ||   386
Block: Other             |       |       |    38 |    82 |    57 ||   177
       Reflection        |       |       |     1 |       |     1 ||     2

Table legend: (Time is in decaauts)
 A = Elapsed time spent in this place.
 B = Non-inter-level travel time spent in this place.
 C = Inter-level travel time spent in this place.
 D = Time resting spent in this place.
 E = Time spent auto-exploring this place.
 F = Levels seen in this place.
 G = Mean time per level.
                   A        B        C        D        E       F      G
               +--------+--------+--------+--------+--------+-----+--------+
         Total |  19752 |  18734 |   1018 |   4696 |  11379 |  15 | 1316.8 |
       Dungeon |  13422 |  12644 |    778 |   2746 |   8020 |  11 | 1220.2 |
          Lair |   6329 |   6090 |    239 |   1950 |   3358 |   4 | 1582.2 |
               +--------+--------+--------+--------+--------+-----+--------+

Top non-repeatable levels by time:
  Lair:2: 2796 daAuts
    D:11: 2454 daAuts
     D:5: 1651 daAuts
  Lair:3: 1609 daAuts
     D:8: 1386 daAuts
     D:1: 1287 daAuts
     D:9: 1269 daAuts
  Lair:1: 1217 daAuts
     D:6: 1011 daAuts
    D:10: 955 daAuts
     D:7: 918 daAuts
     D:3: 910 daAuts
     D:4: 909 daAuts
  Lair:4: 706 daAuts
     D:2: 668 daAuts
